Map: Habitation Station LE (Void)

Players

Entelechy

  • Race: Protoss Protoss
  • League: Gold
  • Spawn Location: 1:00

Fropez - Winner!

  • Race: Protoss Protoss
  • League: Gold
  • Spawn Location: 11:00

VOD

Have the link to the VOD?

Description

Time

  • Played on: Jan. 2, 2017, 9:33 p.m.
  • Length: 7:31
Show
View Real Time Build Order
Export as new Build Order

Entelechy Protoss 

Build Orders:  

Get SALT Encoding   

  12  0:11  Pylon  
  13  0:14  Probe (Chrono Boost)  
  13  0:29  Gateway  
  13  0:34  Assimilator  
  13  0:38  Probe (Chrono Boost)  
  14  0:48  Assimilator  
  14  0:53  Pylon  
  14  0:59  Probe (Chrono Boost)  
  15  1:12  Probe (Chrono Boost)  
  16  1:20  Gateway  
  16  1:23  Probe (Chrono Boost)  
  17  1:39  Cybernetics Core  
  17  1:44  Probe (Chrono Boost)  
  18  1:54  Probe (Chrono Boost)  
  19  2:05  Pylon  
  19  2:09  Probe (Chrono Boost)  
  20  2:20  Probe (Chrono Boost), Stalker  
  23  2:24  Warp Gate  
  24  2:37  Probe (Chrono Boost)  
  24  2:49  Probe (Chrono Boost)  
  25  2:57  Stalker  
  27  2:59  Stalker  
  29  3:18  Probe (Chrono Boost)  
  30  3:27  Stalker  
  30  3:29  Stalker  
  30  3:30  Probe (Chrono Boost)  
  35  3:48  Nexus  
  35  4:00  Stalker  
  37  4:05  Stalker  
  39  4:17  Assimilator  
  39  4:21  Pylon  
  39  4:30  Gateway  
  39  4:37  Gateway  
  39  4:41  Probe (Chrono Boost)  
  41  4:53  Probe (Chrono Boost)  
  42  5:00  Probe (Chrono Boost)  
  42  5:05  Probe (Chrono Boost)  
  43  5:10  Probe (Chrono Boost)  
  44  5:17  Probe (Chrono Boost)  
  44  5:21  Probe (Chrono Boost)  
  42  5:40  Probe (Chrono Boost)  
  44  5:43  Probe (Chrono Boost)  
  44  5:51  Probe (Chrono Boost)  
  44  5:55  Probe (Chrono Boost)  
  44  5:56  Pylon  
  46  6:01  Probe (Chrono Boost)  
  47  6:05  Stalker x3  
  47  6:06  Stalker  
  47  6:11  Pylon  
  55  6:12  Probe (Chrono Boost)  
  56  6:22  Probe (Chrono Boost), Forge  
  56  6:23  Pylon  
  57  6:28  Forge  
  41  6:49  Stalker  
  41  6:50  Stalker x3  
  35  7:23  Stalker x2  
  35  7:24  Stalker x2  
Show
View Real Time Build Order
Export as new Build Order

Fropez Protoss - Winner!

Build Orders: Nexus First 

Get SALT Encoding   

  12  0:01  Probe (Chrono Boost)  
  13  0:11  Probe (Chrono Boost)  
  14  0:22  Probe (Chrono Boost)  
  15  0:50  Nexus  
  15  1:04  Pylon  
  15  1:10  Assimilator  
  15  1:22  Probe (Chrono Boost)  
  17  1:33  Probe (Chrono Boost)  
  17  1:37  Gateway  
  17  1:43  Probe (Chrono Boost)  
  18  1:54  Probe (Chrono Boost)  
  19  2:02  Nexus  
  19  2:04  Probe (Chrono Boost)  
  19  2:06  Probe (Chrono Boost)  
  21  2:15  Probe (Chrono Boost)  
  22  2:18  Probe (Chrono Boost)  
  23  2:26  Pylon  
  23  2:34  Pylon  
  23  2:43  Probe (Chrono Boost)  
  25  2:44  Probe (Chrono Boost)  
  25  2:53  Probe (Chrono Boost)  
  25  2:54  Cybernetics Core  
  25  2:57  Gateway  
  26  3:00  Probe (Chrono Boost)  
  26  3:01  Pylon  
  27  3:08  Probe (Chrono Boost)  
  27  3:09  Assimilator  
  28  3:13  Probe (Chrono Boost), Assimilator  
  28  3:16  Probe (Chrono Boost)  
  30  3:21  Warp Gate  
  30  3:27  Probe (Chrono Boost)  
  30  3:31  Stalker  
  33  3:35  Mothership Core (Chrono Boost)  
  33  3:38  Pylon  
  33  3:39  Probe (Chrono Boost)  
  36  3:44  Pylon  
  36  3:47  Stalker  
  38  3:52  Pylon  
  39  3:55  Probe (Chrono Boost)  
  39  3:56  Pylon  
  39  4:01  Probe (Chrono Boost)  
  41  4:03  Probe (Chrono Boost)  
  41  4:05  Assimilator  
  41  4:06  Stalker  
  41  4:07  Pylon  
  42  4:17  Stalker  
  44  4:32  Robotics Facility  
  44  4:36  Probe x2 (Chrono Boost)  
  46  4:40  Assimilator  
  46  4:41  Stalker  
  48  4:47  Twilight Council  
  48  4:50  Probe x2 (Chrono Boost)  
  51  4:53  Forge  
  51  4:54  Probe (Chrono Boost)  
  51  4:55  Assimilator  
  51  5:00  Probe (Chrono Boost)  
  51  5:06  Gateway  
  52  5:17  Gateway  
  52  5:20  Pylon  
  46  5:28  Immortal  
  46  5:33  Protoss Ground Weapons Level 1  
  50  5:36  Probe x2 (Chrono Boost)  
  50  5:38  Probe (Chrono Boost)  
  53  5:47  Probe (Chrono Boost)  
  53  5:49  Probe (Chrono Boost)  
  55  5:50  Forge  
  55  5:53  Gateway  
  55  5:58  Probe (Chrono Boost), Robotics Facility  
  55  5:59  Probe (Chrono Boost)  
  55  6:03  Stalker x2  
  61  6:12  Stalker  
  63  6:19  Probe (Chrono Boost)  
  63  6:20  Probe (Chrono Boost)  
  63  6:21  Probe (Chrono Boost)  
  60  6:41  Stalker x4  
  66  6:48  Probe (Chrono Boost)  
  66  6:50  Probe (Chrono Boost), Gateway  
  66  6:51  Immortal  
  66  6:52  Gateway  
  72  6:57  Pylon  
  72  7:08  Stalker x4  
Tags
 
Add a new tag
Caveats
  • Supply blocks, unpowered buildings, or Contaminate may cause inaccurate times.
  • Supply counts are checked every 10 seconds.